 Dungeon Crawl Stone Soup version 0.27-a0-1149-g4505690ab0 (webtiles) character file.

Game seed: 11970547744190539677

62 Lanoc the Charlatan (level 3, -1/28 HPs)
             Began as a Demonspawn Artificer on May 12, 2021.
             Was a Plaything of Xom.
             Slain by an adder (5 damage)
             ... on level 2 of the Dungeon.
             The game lasted 00:02:16 (1673 turns).

Lanoc the Charlatan (Demonspawn Artificer)          Turns: 1673, Time: 00:02:17

Health: -1/28      AC:  3    Str: 12    XL:     3   Next: 85%
Magic:  3/3        EV: 12    Int: 15    God:    Xom [..*...]
Gold:   72         SH:  0    Dex: 13    Spells: 2/2 levels left

rFire    . . .     SeeInvis .   a - +6 whip (elec)
rCold    . . .     Faith    .   (no shield)
rNeg     . . .     Spirit   .   b - +0 leather armour
rPois    .         Reflect  .   (no helmet)
rElec    .         Harm     .   (no cloak)
rCorr    .         Rampage  .   (no gloves)
Will     .....                  (no boots)
Stlth    +.........             (no amulet)
HPRegen  0.09/turn              (no ring)
MPRegen  0.08/turn              (no ring)

@: mighty, lethally poisoned (-1 -> -7)
A: big brain 1
a: Renounce Religion


You were on level 2 of the Dungeon.
You worshipped Xom.
You were a toy of Xom.
You visited 1 branch of the dungeon, and saw 2 of its levels.

You collected 72 gold pieces.

Inventory:

Hand Weapons
 a - a +6 whip of electrocution (weapon)
Missiles
 g - 7 datura-tipped darts
Armour
 b - a +0 leather armour (worn)
Wands
 c - a wand of flame (7) (quivered)
 d - a wand of charming (15)
Scrolls
 h - a scroll of holy word {unknown}
 i - a scroll of identify {unknown}
Potions
 f - a potion of might
Miscellaneous
 e - a piece from Xom's chessboard (14/15)


   Skills:
 + Level 2.4 Fighting
 - Level 2.0 Armour
 + Level 2.1 Dodging
 - Level 0.8 Stealth
 - Level 3.3 Evocations


You had 2 spell levels left.
You didn't know any spells.
Your spell library was empty.

Dungeon Overview and Level Annotations

Branches:
Dungeon (2/15)

Altars:
Elyvilon
Xom


Innate Abilities, Weirdness & Mutations

You have an unusually large brain. (Int +2)


Message History

The kobold shouts!
You hear a shout!
The kobold throws a stone.
The stone hits you.
A hobgoblin comes into view.
You hear an angry hiss.
A ball python and an adder come into view.
The adder hisses angrily.
An adder comes into view.
The kobold throws a stone.
The stone barely misses you.
You barely miss the ball python.
The ball python bites you but does no damage.
The ball python misses you.
A hobgoblin comes into view.
The ball python misses you. The ball python grabs you.
The ball python constricts you.
You whack the ball python!
Lightning courses through the ball python!
You kill the ball python!
The kobold closely misses you. The adder bites you.
You are poisoned.
The adder poisons you!
You whack the adder!
The adder is severely wounded.
You feel sick. The adder bites you.
You hit the adder.
You kill the adder!
You feel sick.
A giant cockroach comes into view.
The adder bites you.
* * * LOW HITPOINT WARNING * * *
You are lethally poisoned!
The adder poisons you!
The giant cockroach moves out of view.
It was a potion of might.
You feel very mighty all of a sudden.
* * * LOW HITPOINT WARNING * * *
You feel sick. The adder bites you but does no damage.
You closely miss the adder.
* * * LOW HITPOINT WARNING * * *
You feel sick. The adder bites you.
You die...

#. #.# .. #.# ##.#.#.#
#.. . ..... #.# #.#.#.#
# ##.. ###.#.#.##.####
... .......K.......
####.# #.#S# ###
....########.#@##.?.#
#.>.........g........
#.##.<......##..†####.#.
#.....†.....##.###
#...........##.#
#..._.......##.#
#......####.##'#####
##.....#...........#
#######...........#


You could see an adder, a hobgoblin and a kobold.

Vanquished Creatures
  A gnoll (D:1)
  An adder (D:2)
  A worm (D:2)
  2 dart slugs (D:1)
  3 endoplasms
  A giant cockroach (D:1)
  2 goblins (D:1)
  A hobgoblin (D:1)
  8 jackals (D:1)
  2 quokkas
  4 ball pythons
  2 bats (D:1)
  A frilled lizard (D:1)
  3 kobolds (D:1)
  A rat (D:1)
33 creatures vanquished.

Notes
Turn   | Place    | Note
-------+----------+-------------------------------------------
     0 | D:1      | Lanoc the Demonspawn Artificer began the quest for the Orb.
     0 | D:1      | Reached XP level 1. HP: 15/15 MP: 1/1
   148 | D:1      | Reached skill level 1 in Dodging
   460 | D:1      | Gained mutation: You have an unusually large brain. (Int
                  | +2) [demonic ancestry]
   460 | D:1      | Reached XP level 2. HP: 21/21 MP: 2/2
  1049 | D:1      | Reached XP level 3. HP: 27/27 MP: 3/3
  1081 | D:1      | Found a faded altar of an unknown god.
  1089 | D:1      | Became a worshipper of Xom of Chaos
  1243 | D:1      | XOM: divination: detect items
  1673 | D:2      | Slain by an adder

Illustrated notes

Levels and vault maps discovered:
D:1:      dpeg_arrival_chambers_temple_mockup, layout_loops_corners,
          basic_ecumenical_altar, minmay_split_cup_large
D:2:      layout_basic, basic_altar

Skill      XL: |  1  2  3 |
---------------+----------+-----
Dodging        | 1 2 |  2.1
Armour         | 2 |  2.0
Fighting       | 2 |  2.4
Stealth        | |  0.8
Evocations     | |  3.3

Action                   || total
-------------------------++-------
Melee: Club              ||    62
       Whip              ||    32
Evoke: Wand              ||     8
       Piece from Xom's  ||     4
  Use: Potion            ||     1
 Stab: Petrified         ||     7
       Sleeping          ||     2
Armor: Leather armour    ||    29
Dodge: Dodged            ||    70

Table legend: (Time is in decaauts)
 A = Elapsed time spent in this place.
 B = Non-inter-level travel time spent in this place.
 C = Inter-level travel time spent in this place.
 D = Time resting spent in this place.
 E = Time spent auto-exploring this place.
 F = Levels seen in this place.
 G = Mean time per level.
                   A        B        C        D        E       F      G
               +--------+--------+--------+--------+--------+-----+--------+
         Total |   1693 |   1643 |     50 |      0 |   1401 |   2 |  846.5 |
       Dungeon |   1693 |   1643 |     50 |      0 |   1401 |   2 |  846.5 |
               +--------+--------+--------+--------+--------+-----+--------+

Top non-repeatable levels by time:
     D:1: 1638 daAuts
     D:2: 55 daAuts
